 Dungeon Crawl Stone Soup version 0.28-a0-691-gad6df49e81 (webtiles) character file.

Game seed: 10687530935488361266

248 grumblor the Skirmisher (level 5, -1/42 HPs)
             Began as a Mummy Fighter on Oct 23, 2021.
             Slain by Edmund (4 damage)
             ... on level 4 of the Dungeon.
             The game lasted 00:05:04 (3377 turns).

grumblor the Skirmisher (Mummy Fighter)             Turns: 3377, Time: 00:05:05

Health: -1/42      AC: 13    Str: 21    XL:     5   Next: 86%
Magic:  5/5        EV:  6    Int:  7    God:
Gold:   402        SH:  4    Dex: 11    Spells: 4/4 levels left

rFire   x . .      SeeInvis +   a - +0 war axe
rCold   + + .      Faith    .   c - +0 buckler
rNeg    + + +      Spirit   .   g - +0 plate armour
rPois   ∞          Reflect  .   b - +2 hat
rElec   .          Harm     .   (no cloak)
rCorr   .          Rampage  .   (no gloves)
Will    .....                   (no boots)
Stlth   ..........              (no amulet)
HPRegen 0.14/turn               j - ring of protection from cold
MPRegen 0.09/turn               h - ring of see invisible

@: no status effects
A: cold resistance 1, negative energy resistance 3, torment resistance 2, heat
vulnerability 1, no potions
a: no special abilities


You were on level 4 of the Dungeon.
You visited 1 branch of the dungeon, and saw 4 of its levels.

You collected 402 gold pieces.

Inventory:

Hand Weapons
 a - a +0 war axe (weapon)
Armour
 b - a +2 hat (worn)
 c - a +0 buckler (worn)
 g - a +0 plate armour (worn)
Jewellery
 h - a ring of see invisible (right hand)
 j - a ring of protection from cold (left hand)
Wands
 i - a wand of flame (15)
Scrolls
 d - 3 scrolls of teleportation
 e - a scroll of amnesia
 f - a scroll of fog


   Skills:
 * Level 4.0 Fighting
 + Level 2.9 Axes
 * Level 0.3 Throwing
 + Level 3.2 Armour
 * Level 1.7 Dodging
 + Level 2.7 Shields
 * Level 0.3 Evocations


You had 4 spell levels left.
You didn't know any spells.
Your spell library was empty.

Dungeon Overview and Level Annotations

Branches:
Dungeon (4/15)
 Temple: D:4-7

Altars:

Annotations:
D:4 Edmund


Innate Abilities, Weirdness & Mutations

You are immune to poison.
Your flesh is cold resistant. (rC+)
You are immune to negative energy. (rN+++)
You are immune to unholy pain and torment.
You are vulnerable to heat. (rF-)
You do not drink.


Message History

Edmund hits you with a +2 dire flail of protection.
You block Edmund's attack.
Your plate armour prevents you from hitting Edmund.
Edmund is almost dead.
Edmund barely misses you.
You hit Edmund but do no damage.
Edmund is almost dead.
Edmund hits you with a +2 dire flail of protection!
Aiming: Throw Flame
Press: ? - help, Shift-Dir - straight line, f/p - Edmund
Aim: Edmund, wielding a +2 dire flail of protection and wearing a +0 ring mail (almost dead, 72% to hit)
The puff of flame misses Edmund.
Edmund barely misses you.
Aiming: Throw Flame
Press: ? - help, Shift-Dir - straight line, f/p - Edmund
Aim: Edmund, wielding a +2 dire flail of protection and wearing a +0 ring mail (almost dead, 72% to hit)
The puff of flame hits Edmund but does no damage.
Edmund is almost dead.
Edmund hits you with a +2 dire flail of protection.
* * * LOW HITPOINT WARNING * * *
Aiming: Throw Flame
Press: ? - help, Shift-Dir - straight line, f/p - Edmund
Aim: Edmund, wielding a +2 dire flail of protection and wearing a +0 ring mail (almost dead, 72% to hit)
The puff of flame misses Edmund.
Edmund hits you but does no damage.
Aiming: Throw Flame
Press: ? - help, Shift-Dir - straight line, f/p - Edmund
Aim: Edmund, wielding a +2 dire flail of protection and wearing a +0 ring mail (almost dead, 72% to hit)
The puff of flame hits Edmund but does no damage.
Edmund is almost dead.
Edmund barely misses you.
Aiming: Throw Flame
Press: ? - help, Shift-Dir - straight line, f/p - Edmund
Aim: Edmund, wielding a +2 dire flail of protection and wearing a +0 ring mail (almost dead, 72% to hit)
The puff of flame hits Edmund but does no damage.
Edmund is almost dead.
Edmund hits you with a +2 dire flail of protection.
* * * LOW HITPOINT WARNING * * *
You hit Edmund but do no damage.
Edmund is almost dead.
Edmund hits you with a +2 dire flail of protection.
You die...

........'.......##
[.......##.........
....<..###.##.###.#
#.....## #.# # .#
##>..## #.###♣# .♣#
##+## #.##.. ..
#.##.♣# .♣ .#
#.##..##.#...#
#......@@..#
#####.###### #.#
#.# #.# ..# ###


You could see Edmund.

Vanquished Creatures
  A howler monkey (D:4)
  A jelly (D:4)
  An orc wizard (D:3)
  Natasha (thrice) (D:2)
  Robin (D:2)
  A worm (D:2)
  4 orcs (D:3)
  3 ball pythons
  4 endoplasms
  6 giant cockroaches
  12 goblins
  7 hobgoblins
  3 quokkas
  5 bats
  A frilled lizard (D:2)
  2 kobolds (D:2)
  3 rats
58 creatures vanquished.

Notes
Turn   | Place    | Note
-------+----------+-------------------------------------------
     0 | D:1      | grumblor the Mummy Fighter began the quest for the Orb.
     0 | D:1      | Reached XP level 1. HP: 18/18 MP: 1/1
   205 | D:1      | Reached XP level 2. HP: 24/24 MP: 2/2
   335 | D:1      | Found a faded altar of an unknown god.
   812 | D:2      | Noticed Robin
   813 | D:2      | Noticed Natasha
   855 | D:2      | HP: 1/24 [hobgoblin (1)]
  1236 | D:2      | Reached XP level 3. HP: 24/29 MP: 3/3
  1366 | D:2      | Killed Robin
  1487 | D:2      | Reached skill level 1 in Dodging
  1546 | D:2      | Killed Natasha
  1547 | D:2      | Reached XP level 4. HP: 32/36 MP: 4/4
  1624 | D:2      | Noticed Natasha
  1640 | D:2      | Killed Natasha
  2218 | D:2      | Noticed Natasha
  2223 | D:2      | Killed Natasha
  2317 | D:2      | Reached XP level 5. HP: 35/42 MP: 5/5
  2694 | D:3      | Identified a scroll of acquirement
  2694 | D:3      | Acquired 351 gold pieces
  3277 | D:4      | Reached skill level 4 in Fighting
  3352 | D:4      | Noticed Edmund
  3377 | D:4      | Slain by Edmund

Illustrated notes

Levels and vault maps discovered:
D:1:      zelgadis_glass_arrival_small, layout_basic,
          shapermc_ecumenical_altar_starsandcircs
D:2:      layout_loops_ring, uniq_robin, uniq_natasha
D:3:      layout_basic
D:4:      layout_loops_corners, serial_forest, infiniplex_forest_straight_5,
          infiniplex_forest_lined_room_2, infiniplex_forest_lined_2,
          infiniplex_forest_clump_tiny, uniq_edmund, uniq_pikel,
          uniq_blork_the_orc

Skill      XL: |  1  2  3  4  5 |
---------------+----------------+-----
Axes           | 2 |  2.9
Dodging        | 1 |  1.7
Armour         | 3 |  3.2
Fighting       | 4 |  4.0
Throwing       | |  0.3
Shields        | |  2.7
Evocations     | |  0.3

Action                   |  1- 3 |  4- 6 || total
-------------------------+-------+-------++-------
Melee: War axe           |   102 |    86 ||   188
Throw: Throwing net      |       |     2 ||     2
Evoke: Wand              |       |     6 ||     6
  Use: Scroll            |     2 |     6 ||     8
 Stab: Held in net/web   |       |     1 ||     1
Armor: Scale mail        |    46 |       ||    46
       Plate armour      |     3 |    49 ||    52
Dodge: Dodged            |    68 |    36 ||   104
Block: Buckler           |    28 |    18 ||    46

Table legend: (Time is in decaauts)
 A = Elapsed time spent in this place.
 B = Non-inter-level travel time spent in this place.
 C = Inter-level travel time spent in this place.
 D = Time resting spent in this place.
 E = Time spent auto-exploring this place.
 F = Levels seen in this place.
 G = Mean time per level.
                   A        B        C        D        E       F      G
               +--------+--------+--------+--------+--------+-----+--------+
         Total |   3473 |   3372 |    101 |    368 |   2462 |   4 |  868.2 |
       Dungeon |   3473 |   3372 |    101 |    368 |   2462 |   4 |  868.2 |
               +--------+--------+--------+--------+--------+-----+--------+

Top non-repeatable levels by time:
     D:2: 1408 daAuts
     D:1: 1079 daAuts
     D:3: 851 daAuts
     D:4: 132 daAuts
